cohdb
Replays
Latest Replays
All Replays
Popular Replays
Top Player Replays
Match Explorer
How It Works
Community
CoH3 Stats
Reddit
Sign in to upload your games and track your stats! →
Sign in with Steam
Match 44883871
Unlisted
Match 44883871
Overview
Messages
Build Orders
End
Engineer Squad
Construct Weapon Support Center
M1919 Machine Gun Team
M1919 Machine Gun Team
Engineer Squad
Bazooka Squad
Mortar Pit
Bazooka Squad
Mechanized Support Center
M3 Armored Personnel Carrier
Mortar Pit
Improved M9 Bazooka Rockets
Selects Advanced Infantry Battlegroup
Selects Ammunition Storage
Selects M2A1 105mm Howitzer Emplacement
Lord Admiral Pickwick
Ado123
LouahZA
Rainike
MysteryRanch79
Bufla
Sarmynation
lwl233
0
0
Comments
sign in to comment!
No comments posted yet!